 Dungeon Crawl Stone Soup version 0.19-a0-1732-g0b18a7b (webtiles) character file.

711 4thArraOfDagon the Slasher (level 7, -1/62 HPs)
             Began as a Minotaur Monk on Sept 30, 2016.
             Splashed by a jelly's acid (5 damage)
             ... on level 7 of the Dungeon.
             The game lasted 00:05:38 (1112 turns).

4thArraOfDagon the Slasher (Minotaur Monk)          Turns: 1112, Time: 00:05:38

Health: -1/62      AC: 10    Str: 15    XL:     7   Next: 40%
Magic:  6/6        EV: 14    Int:  7    God:
Gold:   189        SH:  0    Dex: 20    Spells: 0 memorised, 6 levels left

rFire  . . .     SeeInvis .     p - +0 scimitar
rCold  + + .     Gourm    .     i - +0 chain mail
rNeg   . . .     Faith    .     (no shield)
rPois  +         Spirit   .     (helmet restricted)
rElec  +         Dismiss  .     (no cloak)
rCorr  +         Reflect  .     (no gloves)
MR     .....     Harm     .     l - +0 pair of boots
Stlth  ..........               (no amulet)
                                v - ring of ice
                                s - ring of flight

@: agile, resistant, slowed, very slow
A: retaliatory headbutt, horns 2
a: Evoke Flight


You were on level 7 of the Dungeon.
You were very hungry.

You visited 1 branch of the dungeon, and saw 7 of its levels.

You collected 277 gold pieces.
You spent 88 gold pieces at shops.

Inventory:

Hand Weapons
 a - a +0 falchion
 p - a +0 scimitar (weapon)
Armour
 b - a +0 robe
 i - a +0 chain mail (worn)
 l - a +0 pair of boots (worn)
Jewellery
 s - a ring of flight (left hand)
 v - a ring of ice (right hand)
Wands
 t - a wand of digging (6/24)
 w - a wand of lightning (0/15)
Scrolls
 e - 2 scrolls of fear {unknown}
 g - 2 scrolls of recharging {unknown}
 h - a scroll of magic mapping {unknown}
 j - 2 scrolls of fog {unknown}
 o - 2 scrolls of amnesia {unknown}
 q - a scroll of holy word {unknown}
 r - 2 scrolls of identify {unknown}
Potions
 m - 2 potions of brilliance
Comestibles
 c - a bread ration
 f - a beef jerky
 n - a meat ration


   Skills:
 + Level 5.7 Fighting
 * Level 7.1 Long Blades
 + Level 4.3 Armour
 + Level 5.0 Dodging
 - Level 1.5 Stealth


You had 6 spell levels left.
You didn't know any spells.

Dungeon Overview and Level Annotations

Branches:
Dungeon (7/15)
 Temple: D:4-7

Altars:
Hepliaklqana
Yredelemnul

Shops:
D:5 =(

Annotations:
D:7 1 runed door


Innate Abilities, Weirdness & Mutations

You reflexively headbutt those who attack you in melee.
You have a pair of horns on your head.


Message History

You feel less woody.
Your +0 pair of boots unmelds from your body.
Your +0 chain mail unmelds from your body.
The orc wizard hits you but does no damage.
The jelly hits you but does no damage. The orc hits you but does no damage.
The orc hits you.
* * * LOW HITPOINT WARNING * * *
The orc wizard gestures wildly while chanting.
The orc wizard blinks!
The jelly closely misses you.
You riposte.
You hit the jelly.
The jelly is moderately wounded.
The orc closely misses you.
You riposte.
You hit the orc but do no damage. You slash the orc wizard!
You kill the orc wizard!
The orc misses you. You furiously retaliate!
You headbutt the orc!
You kill the orc!
The jelly hits you.
* * * LOW HITPOINT WARNING * * *
You are splashed with acid!
The acid burns!
You resist.
You die...

#... ##.....#.. # #..#
##.......## ## #
#..###..$....).###.. ##
##..##..J..###.......
.###...#....####........
..##.......####.........
..........###........)..
#........##....o.[..#
##.............)@J.#
#............#..ยง.#
##........####...##
##.....### #..## #...###
#..# #..### ..## ###..#
..# .##... .... ###..


You could see a jelly and an orc.

Vanquished Creatures
  An ice beast (D:6)
  An orc warrior (D:7)
  A sky beast (D:7)
  A centaur (D:7)
  A bullfrog (D:6)
  A howler monkey (D:6)
  3 orc priests
  A jelly (D:7)
  A hound (D:6)
  An orc wizard (D:7)
  3 adders
  2 dart slugs (D:1)
  A leopard gecko (D:2)
  9 orcs
  2 bats (D:1)
  3 giant cockroaches
  4 goblins
  2 hobgoblins (D:1)
  3 jackals (D:1)
  4 kobolds
  A quokka (D:4)
  A frilled lizard (D:4)
  6 rats
53 creatures vanquished.

Notes
Turn   | Place    | Note
-------+----------+-------------------------------------------
     0 | D:1      | 4thArraOfDagon the Minotaur Monk began the quest for the Orb.
     0 | D:1      | Reached XP level 1. HP: 19/19 MP: 0/0
    74 | D:1      | Reached skill level 4 in Long Blades
    74 | D:1      | Reached XP level 2. HP: 18/27 MP: 1/1
   317 | D:2      | Reached skill level 1 in Armour
   317 | D:2      | Reached XP level 3. HP: 33/33 MP: 2/2
   538 | D:5      | Entered Level 5 of the Dungeon
   542 | D:5      | Reached XP level 4. HP: 24/41 MP: 3/3
   599 | D:5      | Found Maul's Jewellery Boutique.
   610 | D:5      | Found Biodouw's Antique Weapon Boutique.
   620 | D:5      | Bought a scimitar for 88 gold pieces
   648 | D:5      | Found a hazy altar of Hepliaklqana.
   692 | D:6      | Noticed a bullfrog
   701 | D:6      | Killed a bullfrog
   701 | D:6      | Reached skill level 5 in Long Blades
   701 | D:6      | Reached XP level 5. HP: 39/47 MP: 4/4
   706 | D:6      | Found a basalt altar of Yredelemnul.
   716 | D:6      | Noticed an ice beast
   727 | D:6      | Killed an ice beast
   727 | D:6      | Reached skill level 5 in Fighting
   727 | D:6      | Reached XP level 6. HP: 14/56 MP: 5/5
   764 | D:6      | Reached skill level 6 in Long Blades
   864 | D:7      | Found a runed door.
   890 | D:7      | Noticed a sky beast
   920 | D:7      | Killed a sky beast
  1068 | D:7      | Reached XP level 7. HP: 16/61 MP: 6/6
  1094 | D:7      | Reached skill level 7 in Long Blades
  1102 | D:7      | Reached skill level 5 in Dodging
  1112 | D:7      | Splashed by a jelly's acid

Vault maps used:
D:1:      dpeg_arrival_stonehenge_12_columns
D:3:      yredelemnul_forgotten_temple_becter, ecumenical_altar_2, first_bread,
          minmay_misc_feat_pillars
D:4:      serial_shops, shop
D:5:      nicolae_overflow_crystal_walls, gup_sewer_entry_glass, serial_shops,
          shop, shop, guppyfry_shop_venom, uniq_menkaure, uniq_pikel
D:6:      yredelemnul_altar_generic, uniq_edmund
D:7:      lemuel_insect_pit, nicolae_ru_the_path_less_chosen

Skill      XL: |  1  2  3  4  5  6  7 |
---------------+----------------------+-----
Long Blades    | 4 5 6 7 |  7.1
Armour         | 1 2 3 4 |  4.3
Fighting       | 4 5 |  5.7
Dodging        | 4 5 |  5.0
Stealth        | |  1.5

Action                   |  1- 3 |  4- 6 |  7- 9 || total
-------------------------+-------+-------+-------++-------
Melee: Falchion          |    82 |    13 |       ||    95
       Headbutt          |    19 |    17 |       ||    36
       Scimitar          |       |    62 |    29 ||    91
Evoke: Wand              |       |     3 |     3 ||     6
  Use: Potion            |       |     2 |     3 ||     5
Armor: Robe              |     3 |       |       ||     3
       Chain mail        |    42 |    38 |     3 ||    83
       Skin              |       |       |    93 ||    93
Dodge: Dodged            |    40 |    26 |    10 ||    76
